 Dungeon Crawl Stone Soup version 0.29-a0-284-gf9362112df (webtiles) character file.

Game seed: 4661126688555022379

821 Dvallin the Quickloader (level 8, -3/58 HPs)
             Began as a Formicid Hunter on Mar 19, 2022.
             Was a Believer of Uskayaw.
             Slain by Duvessa
             ... wielding a +0 short sword
              (14 damage)
             ... on level 6 of the Dungeon.
             The game lasted 00:14:08 (4836 turns).

Dvallin the Quickloader (Formicid Hunter)           Turns: 4836, Time: 00:14:09

Health: -3/58      AC:  8    Str: 17    XL:     8   Next: 17%
Magic:  9/9        EV: 11    Int: 16    God:    Uskayaw [**....]
Gold:   281        SH:  0    Dex: 14    Spells: 7/7 levels left

rFire   . . .      SeeInvis +   a - +1 hand crossbow
rCold   . . .      Faith    .   (no shield)
rNeg    . . .      Spirit   .   e - +2 leather armour {Will+}
rPois   .          Reflect  .   (helmet unavailable)
rElec   .          Harm     .   g - +0 cloak
rCorr   .          Rampage  .   i - +0 pair of gloves
Will    +....                   j - +0 pair of boots
Stlth   +.........              (no amulet)
HPRegen 0.19/turn               l - ring of flight
MPRegen 0.11/turn               m - +6 ring of intelligence

@: flying
A: permanent stasis, dig shafts and tunnels, antennae 3, four strong arms
a: Dig, Shaft Self, Renounce Religion, Stomp, Line Pass


You were on level 6 of the Dungeon.
You worshipped Uskayaw.
Uskayaw was noncommittal.
You visited 2 branches of the dungeon, and saw 7 of its levels.

You collected 281 gold pieces.

Inventory:

Hand Weapons
 a - a +1 hand crossbow (weapon)
Armour
 e - a +2 leather armour of willpower (worn)
 g - a +0 cloak (worn)
 i - a +0 pair of gloves (worn)
 j - a +0 pair of boots (worn)
 q - a +0 plate armour
Jewellery
 l - a ring of flight (left hand)
 m - a +6 ring of intelligence (right hand)
Scrolls
 c - 2 scrolls of immolation
 d - a scroll of blinking {unknown}
 f - 6 scrolls of identify {unknown}
 k - 2 scrolls of teleportation {unknown}
 r - a scroll of enchant weapon {unknown}
Potions
 b - a potion of heal wounds
 h - a potion of curing {unknown}
 n - 2 potions of mutation {unknown}
 o - a potion of brilliance {unknown}
 p - a potion of magic {unknown}
 s - a potion of cancellation {unknown}


   Skills:
 + Level 3.0 Fighting
 * Level 9.1 Crossbows
 - Level 1.7 Dodging
 - Level 1.2 Stealth
 + Level 2.0 Invocations


You had 7 spell levels left.
You didn't know any spells.
Your spell library contained the following spells:

 Spells                   Type           Power      Damage    Failure   Level
 Animate Skeleton         Necr           0%         N/A       30%         1
 Pain                     Necr           0%         1d4       30%         1
 Sandblast                Erth           0%         2d4       30%         1
 Corpse Rot               Necr/Air       0%         N/A       43%         2
 Passwall                 Tmut/Erth      0%         N/A       43%         2
 Poisonous Vapours        Pois/Air       0%         N/A       43%         2
 Ignite Poison            Fire/Tmut/Pois 0%         N/A       67%         3
 Mephitic Cloud           Conj/Pois/Air  0%         N/A       67%         3
 Stone Arrow              Conj/Erth      0%         3d7       67%         3
 Vampiric Draining        Necr           0%         2d6       67%         3
 Freezing Cloud           Conj/Ice/Air   0%         6-21      100%        5


Dungeon Overview and Level Annotations

Branches:
Dungeon (6/15)             Temple (1/1) D:4

Altars:
Elyvilon
Hepliaklqana
Makhleb
Qazlal
Ru
Trog
Uskayaw
Vehumet
Wu Jian
Yredelemnul
Zin
Lugonu

Annotations:
D:6 Duvessa


Innate Abilities, Weirdness & Mutations

You cannot be hasted, slowed, berserked, paralysed or teleported.
You can dig through walls and to a lower floor.
You have a pair of large antennae on your head. (SInv)
Your four strong arms can wield two-handed weapons with a shield.


Message History

Duvessa hits you with a +0 short sword! Duvessa hits you with a +0 short sword.
You shoot a bolt. The bolt completely misses Duvessa.
Duvessa hits you with a +0 short sword!
You are too injured to fight recklessly!
You are too injured to fight recklessly!
You are too injured to fight recklessly!
You are too injured to fight recklessly!
Shoot: a) +1 hand crossbow
Press: ? - help, Q - select action, (/) - cycle Shift-Dir - straight line, f/p - Duvessa
Aim: Duvessa, wielding a +0 short sword, wearing a +0 leather armour and carrying a wand of flame (11) (lightly wounded, berserk, 69% to hit)
You shoot a bolt. The bolt hits Duvessa.
Duvessa is lightly wounded.
Duvessa hits you with a +0 short sword. Duvessa hits you with a +0 short sword!
* * * LOW HITPOINT WARNING * * *
Shoot: a) +1 hand crossbow
Press: ? - help, Q - select action, (/) - cycle Shift-Dir - straight line, f/p - Duvessa
Aim: Duvessa, wielding a +0 short sword, wearing a +0 leather armour and carrying a wand of flame (11) (lightly wounded, berserk, 69% to hit)
You shoot a bolt. The bolt closely misses Duvessa.
Duvessa hits you but does no damage.
It was a potion of heal wounds.
You feel much better. Duvessa hits you with a +0 short sword.
Duvessa hits you with a +0 short sword!
Shoot: a) +1 hand crossbow
Press: ? - help, Q - select action, (/) - cycle Shift-Dir - straight line, f/p - Duvessa
Aim: Duvessa, wielding a +0 short sword, wearing a +0 leather armour and carrying a wand of flame (11) (lightly wounded, berserk, 69% to hit)
You shoot a bolt.
The bolt hits Duvessa but does no damage.
Duvessa is lightly wounded.
Duvessa hits you but does no damage.
Shoot: a) +1 hand crossbow
Press: ? - help, Q - select action, (/) - cycle Shift-Dir - straight line, f/p - Duvessa
Aim: Duvessa, wielding a +0 short sword, wearing a +0 leather armour and carrying a wand of flame (11) (lightly wounded, berserk, 69% to hit)
You shoot a bolt. The bolt barely misses Duvessa.
Duvessa hits you with a +0 short sword. Duvessa hits you with a +0 short sword!
* * * LOW HITPOINT WARNING * * *
Shoot: a) +1 hand crossbow
Press: ? - help, Q - select action, (/) - cycle Shift-Dir - straight line, f/p - Duvessa
Aim: Duvessa, wielding a +0 short sword, wearing a +0 leather armour and carrying a wand of flame (11) (lightly wounded, berserk, 69% to hit)
You shoot a bolt. The bolt barely misses Duvessa.
Duvessa hits you with a +0 short sword!
You die...

#### # #... #. #####
#... #.. #...# #...
#...#.#.# #... #...e@#.#
##<.. ......).#.######
##....
###.#####......####.....
#.##########.##.))####
..........#.#..†#####
##......#.#).......
#.......#.###.#####
#.#.....#.#...#.###
#.)...#.#.......#


You could see Duvessa (berserk).

Vanquished Creatures
  Grinder (D:4)
  An ogre (D:4)
  A kobold brigand (D:5)
  Dowan (D:6)
  Crazy Yiuf (D:2)
  3 hounds
  A gnoll shaman (D:4)
  Natasha (thrice) (D:2)
  An iguana (D:5)
  3 gnolls
  5 adders
  An ufetubus (D:4)
  4 dart slugs
  6 orcs
  5 bats
  5 endoplasms
  3 giant cockroaches
  19 goblins
  7 hobgoblins
  13 kobolds
  7 quokkas
  7 ball pythons
  2 frilled lizards
  3 rats (D:1)
103 creatures vanquished.

Notes
Turn   | Place    | Note
-------+----------+-------------------------------------------
     0 | D:1      | Dvallin the Formicid Hunter began the quest for the Orb.
     0 | D:1      | Reached XP level 1. HP: 16/16 MP: 1/1
   270 | D:1      | Reached XP level 2. HP: 22/22 MP: 2/2
   526 | D:1      | Reached XP level 3. HP: 27/27 MP: 3/3
   668 | D:2      | Noticed Natasha
   677 | D:2      | Killed Natasha
   678 | D:2      | Reached skill level 5 in Crossbows
   795 | D:2      | Found a faded altar of an unknown god.
   810 | D:2      | Noticed Natasha
   819 | D:2      | Killed Natasha
   820 | D:2      | Reached XP level 4. HP: 15/33 MP: 4/4
  1247 | D:2      | Noticed Natasha
  1256 | D:2      | Killed Natasha
  1257 | D:2      | Reached skill level 6 in Crossbows
  1257 | D:2      | Reached XP level 5. HP: 34/38 MP: 5/5
  1567 | D:2      | Found a runed translucent door.
  1568 | D:2      | Noticed Crazy Yiuf
  2214 | D:4      | Reached XP level 6. HP: 43/44 MP: 6/6
  2325 | D:4      | Found an ornate altar of the Wu Jian Council.
  2424 | D:4      | Reached skill level 7 in Crossbows
  2436 | D:4      | Noticed Grinder
  2448 | D:4      | Killed Grinder
  2449 | D:4      | Reached skill level 8 in Crossbows
  2449 | D:4      | Reached XP level 7. HP: 49/50 MP: 7/7
  3031 | D:4      | Found a white marble altar of Elyvilon.
  3438 | D:4      | Found a staircase to the Ecumenical Temple.
  3447 | Temple   | Entered the Ecumenical Temple
  3489 | Temple   | Became a worshipper of Uskayaw the Reveller
  3591 | D:4      | Found a radiant altar of Vehumet.
  3802 | D:2      | Reached * piety under Uskayaw
  3806 | D:2      | Reached ** piety under Uskayaw
  3807 | D:2      | Killed Crazy Yiuf
  4061 | D:5      | Entered Level 5 of the Dungeon
  4318 | D:5      | Reached *** piety under Uskayaw
  4320 | D:5      | Reached skill level 1 in Invocations
  4328 | D:5      | Reached **** piety under Uskayaw
  4329 | D:5      | Reached XP level 8. HP: 46/57 MP: 9/9
  4337 | D:5      | Reached skill level 9 in Crossbows
  4350 | D:5      | Reached ***** piety under Uskayaw
  4820 | D:6      | Noticed Dowan
  4823 | D:6      | Noticed Duvessa
  4828 | D:6      | Killed Dowan
  4836 | D:6      | Slain by Duvessa

Illustrated notes

Levels and vault maps discovered:
D:1:      dpeg_arrival_windows_large_door, layout_loops_ring
D:2:      cheibrodos_greedy_goblins, layout_rooms, serial_rivers,
          chequers_serial_rivers_micro_a, chequers_serial_rivers_room_b,
          chequers_serial_rivers_micro_b, chequers_serial_rivers_micro_c,
          nicolae_ecumenical_lake_church, minmay_tromino_v7, uniq_natasha,
          uniq_crazy_yiuf_cottage
D:3:      layout_basic
D:4:      wander_river, layout_loops_corners, elyvilon_altar_4,
          nicolae_overflow_hidden_temple, nzn_wu_jian_council_hall, temple_hall,
          minmay_fractal_squares_diagonal_5, uniq_grinder
D:5:      layout_gridville, due_unseen_surprise
D:6:      layout_rooms, serial_co_window_serial, co_window_paths_a,
          co_window_corner_a, co_window_paths_a, co_window_corner_a,
          co_window_paths_a, co_window_broadway_a, co_window_broadway_c,
          co_window_unsneaky_path_c, co_window_corner_b, co_window_corner_b,
          co_window_broadway_b, co_window_paths_d, co_window_4corner_b,
          glass_columns_b, glass_columns_c, minmay_checkerbox, uniq_duvessa
Temple:   corrupted_temple

Skill      XL: |  1  2  3  4  5  6  7  8 |
---------------+-------------------------+-----
Crossbows      | 5 6 8 9 |  9.1
Invocations    | 1 2 |  2.0
Fighting       | 3 |  3.0
Dodging        | |  1.7
Stealth        | |  1.2

Action                   |  1- 3 |  4- 6 |  7- 9 || total
-------------------------+-------+-------+-------++-------
 Fire: Hand crossbow     |    64 |   152 |   170 ||   386
  Use: Potion            |       |       |     1 ||     1
Armor: Chain mail        |     9 |       |       ||     9
       Leather armour    |     5 |    27 |    35 ||    67
Dodge: Dodged            |    21 |    46 |    61 ||   128

Table legend: (Time is in decaauts)
 A = Elapsed time spent in this place.
 B = Non-inter-level travel time spent in this place.
 C = Inter-level travel time spent in this place.
 D = Time resting spent in this place.
 E = Time spent auto-exploring this place.
 F = Levels seen in this place.
 G = Mean time per level.
                   A        B        C        D        E       F      G
               +--------+--------+--------+--------+--------+-----+--------+
         Total |   4915 |   4467 |    448 |    729 |   1492 |   7 |  702.1 |
       Dungeon |   4859 |   4425 |    434 |    729 |   1492 |   6 |  809.8 |
        Temple |     56 |     42 |     14 |      0 |      0 |   1 |   56.0 |
               +--------+--------+--------+--------+--------+-----+--------+

Top non-repeatable levels by time:
     D:4: 1603 daAuts
     D:2: 1354 daAuts
     D:1: 670 daAuts
     D:3: 579 daAuts
     D:6: 480 daAuts
     D:5: 171 daAuts
  Temple: 56 daAuts
